 Dungeon Crawl Stone Soup version 0.23-a0-183-gf37f6fb (webtiles) character file.

22197 Amnesiac the Thaumaturge (level 12, 0/74 HPs)
             Began as a Mummy Wanderer on Sept 23, 2018.
             Was a High Priest of Sif Muna.
             Slain by a hellwing (10 damage)
             ... summoned by an orc high priest
             ... on level 2 of the Orcish Mines.
             The game lasted 00:41:39 (16357 turns).

Amnesiac the Thaumaturge (Mummy Wanderer)          Turns: 16357, Time: 00:41:40

Health: 0/74       AC: 13    Str: 16    XL:     12   Next: 60%
Magic:  11/24      EV: 15    Int: 17    God:    Sif Muna [*****.]
Gold:   1805       SH:  4    Dex: 10    Spells: 4/27 levels left

rFire    . . .     SeeInvis .   a - +3 scimitar (freeze)
rCold    + . .     Gourm    .   t - +0 buckler
rNeg     + + +     Faith    .   p - +2 leather armour {rF+}
rPois    ∞         Spirit   .   f - +2 helmet
rElec    .         Reflect  .   (no cloak)
rCorr    .         Harm     .   g - +0 pair of gloves
MR       +....                  (no boots)
Stlth    +.........             j - amulet of magic regeneration
HPRegen  0.22/turn              n - +4 ring of evasion
MPRegen  0.44/turn              v - +4 ring of protection

@: divine energy
A: no food or potions, fire vulnerability, cold resistance 1, negative energy
resistance 3, torment resistance, unbreathing
a: Stop Divine Energy, Channel Magic, Forget Spell, Renounce Religion


You were on level 2 of the Orcish Mines.
You worshipped Sif Muna.
Sif Muna was extremely pleased with you.
You were not hungry.

You visited 3 branches of the dungeon, and saw 14 of its levels.

You collected 1805 gold pieces.

Inventory:

Hand Weapons
 a - a +3 scimitar of freezing (weapon)
 b - a +1 scimitar of flaming
 l - a +0 blowgun
Armour
 e - the +5 ring mail "Qatuhag" {*Drain rCorr Str+4}
   (You found it on level 5 of the Dungeon)

   It affects your strength (+4).
   It provides partial protection from all sources of acid and corrosion.
   It causes draining when unequipped.
 f - a +2 helmet (worn)
 g - a +0 pair of gloves (worn)
 p - a +2 leather armour of fire resistance (worn)
 t - a +0 buckler (worn)
Magical Staves
 o - an uncursed staff of earth
Jewellery
 j - an amulet of magic regeneration (around neck)
 k - an uncursed ring of see invisible
 n - a +4 ring of evasion (left hand)
 v - a +4 ring of protection (right hand)
Scrolls
 c - 11 scrolls of teleportation {!r}
 d - 4 scrolls of remove curse {!r}
 i - 3 scrolls of magic mapping {!r}
 m - 6 scrolls of amnesia {!r}
 q - a scroll of acquirement {!r}
 r - 4 scrolls of enchant armour {!r}
 w - a scroll of enchant weapon {!r}


   Skills:
 - Level 1.5 Stealth
 - Level 4.2 Shields
 - Level 8.0 Spellcasting
 + Level 7.8 Conjurations
 + Level 7.9 Charms
 - Level 1.5 Summonings
 - Level 8.0 Necromancy
   Level 1.0 Ice Magic
 - Level 8.0 Air Magic
 - Level 1.0 Poison Magic
 - Level 8.0 Invocations


You had 4 spell levels left.
You knew the following spells:

 Your Spells              Type           Power        Failure   Level  Hunger
a - Poisonous Vapours     Pois/Air       ###...       3%          2    N/A
b - Call Imp              Summ           ##......     11%         2    N/A
c - Swiftness             Chrm/Air       ####....     1%          2    N/A
d - Vampiric Draining     Necr           ####......   1%          3    N/A
e - Mephitic Cloud        Conj/Pois/Air  ####....     3%          3    N/A
f - Animate Skeleton      Necr           N/A          1%          1    N/A
g - Animate Dead          Necr           N/A          4%          4    N/A
s - Conjure Flame         Conj/Fire      ###.....     8%          3    N/A
v - Blink                 Tloc           N/A          19%         2    N/A
z - Confusing Touch       Hex            #.....       13%         1    N/A

Your spell library contained the following spells:

 Spells                   Type           Power        Failure   Level  Hunger
 Magic Dart               Conj           ####         1%          1    N/A
 Pain                     Necr           ####         1%          1    N/A
 Shock                    Conj/Air       ####         1%          1    N/A
 Throw Frost              Conj/Ice       ###...       3%          2    N/A
 Airstrike                Air            ####......   4%          4    N/A
 Ozocubu's Armour         Chrm/Ice       ###.....     6%          3    N/A
 Summon Small Mammal      Summ           ##..         7%          1    N/A
 Dazzling Spray           Conj/Hex       ###...       8%          3    N/A
 Apportation              Tloc           #.....       13%         1    N/A
 Corona                   Hex            #......      13%         1    N/A
 Ensorcelled Hibernation  Hex/Ice        #.....       16%         2    N/A
 Slow                     Hex            #.......     19%         2    N/A
 Sticky Flame             Conj/Fire      ###.....     26%         4    N/A
 Confuse                  Hex            #.......     36%         3    N/A
 Tukima's Dance           Hex            #.......     36%         3    N/A
 Iskenderun's Battlesphe  Conj/Chrm      ####....     14%         5    N/A
 Venom Bolt               Conj/Pois      ###.......   50%         5    N/A
 Fireball                 Conj/Fire      ###.......   56%         5    N/A
 Bolt of Magma            Conj/Fire/Erth ###.......   77%         5    N/A
 Simulacrum               Ice/Necr       ###.......   97%         6    N/A
 Iron Shot                Conj/Erth      ###.......   98%         6    N/A
 Orb of Destruction       Conj           ####......   99%         7    N/A
 Spellforged Servitor     Conj/Summ      ###.......   100%        7    N/A
 Fire Storm               Conj/Fire      ###.......   100%        9    N/A
 Tornado                  Air            ####......   100%        9    N/A
 Regeneration             Chrm/Necr      Unusable     N/A         3    N/A

Dungeon Overview and Level Annotations

Branches:
Dungeon (11/15)            Temple (1/1) D:6            Lair (0/6) D:10
    Orc (2/2) D:10            Elf (0/3) Orc:2

Altars:
Ashenzari
Cheibriados
Dithmenos
Elyvilon
Fedhas
Gozag
Hepliaklqana
Kikubaaqudgha
Makhleb
Nemelex Xobeh
Okawaru
Qazlal
Ru
Sif Muna
Trog
Uskayaw
Vehumet
Wu Jian
Xom
Yredelemnul
Zin
The Shining One

Shops:
D:9 (   D:11 }


Innate Abilities, Weirdness & Mutations

You do not eat or drink.
Your flesh is vulnerable to fire.
You are immune to poison.
Your flesh is cold resistant. (rC+)
You are immune to negative energy. (rN+++)
You are immune to unholy pain and torment.
You can survive without breathing.


Message History

The ball explodes into a vile cloud!
The stinking cloud engulfs the orc sorcerer.
The orc sorcerer is severely wounded.
The stinking cloud engulfs you!
The stinking cloud engulfs the orc high priest.
The orc sorcerer is engulfed in noxious fumes.
The orc sorcerer appears confused.
The orc high priest hits you from afar with a halberd.
The orc sorcerer is engulfed in noxious fumes.
The orc sorcerer appears confused.
Unknown command.
Casting: Mephitic Cloud (safe; 3% risk of failure)
Confirm with . or Enter, or press ? or * to list all spells.
Aiming: Poisonous Vapours (safe; 3% risk of failure)
Press: ? - help, Dir - move target cursor, f - orc high priest, p - orc
Aim: an orc high priest, wielding a halberd Poisonous vapours surround the orc high priest!
You kill the orc sorcerer!
Sif Muna accepts your kill.
The orc high priest is poisoned.
The orc high priest utters an invocation to Beogh.
The orc sorcerer is engulfed in noxious fumes.
The orc sorcerer appears confused.
Casting: Poisonous Vapours (safe; 3% risk of failure)
Confirm with . or Enter, or press ? or * to list all spells.
Aiming: Mephitic Cloud (safe; 3% risk of failure)
Press: ? - help, Shift-Dir - straight line, f/p - orc high priest
Aim: an orc high priest, wielding a halberd (poisoned)
The ball explodes into a vile cloud!
The stinking cloud engulfs the orc high priest.
The stinking cloud engulfs the red devil.
The red devil appears unharmed.
The orc high priest is engulfed in noxious fumes.
The orc high priest misses you.
The red devil hits you from afar with a trident!
* * * LOW HITPOINT WARNING * * *
The hellwing hits you!
* * * LOW HITPOINT WARNING * * *
The hellwing barely misses you.
Unknown command.
The orc high priest is engulfed in noxious fumes.
The hellwing swoops through the air toward you!
The hellwing completely misses you.
You riposte.
You closely miss the hellwing. You block the hellwing's attack.
You closely miss the hellwing.
The orc high priest is engulfed in noxious fumes.
The orc high priest appears confused.
You block the hellwing's attack. The hellwing hits you.
* * * LOW HITPOINT WARNING * * *
The red devil closely misses you. The hellwing completely misses you.
The hellwing barely misses you. The hellwing hits you!
* * * LOW HITPOINT WARNING * * *
The hellwing hits you.
* * * LOW HITPOINT WARNING * * *
The orc high priest looks more healthy.
The hellwing swoops through the air toward you!
The hellwing closely misses you.
You riposte.
You hit the hellwing but do no damage. The hellwing closely misses you.
The hellwing closely misses you. The hellwing hits you.
* * * LOW HITPOINT WARNING * * *
Okay, then.
The hellwing hits you!
You die...

............##### ##)..#
............#.#.## ###[.o.#
........[<.......#########))...##
..................##......)...##.
.........##.)..#.###...[..[..####
.........)..)[#[..##.......####..
...#.........)[..###...)).##.....
.............#..)[.......#.......
...#......#.#..)@4.....[......#..
....#......###.#...4..[.......#..
.............#####........##.....
.......###....# #.............#.#
..#.....####..####....#......####
.....#.## #...# #...........##
........# ##..###............#
....##.## #...........#.##.##
..### ## ##..........######


You could see a hellwing and a red devil.

Vanquished Creatures
  An ettin (Orc:1)
  Harold (D:8)
  Erica (D:9)
  4 orc high priests
  5 orc knights
  5 orc sorcerers
  2 cyclopes (Orc:1)
  A queen bee (D:11)
  7 trolls
  A hornet (D:7)
  Grinder (D:3)
  2 hippogriffs
  A wyvern (D:9)
  3 yaks (D:11)
  A spriggan (D:7)
  4 wargs
  29 orc warriors
  A black bear (D:11)
  A necrophage (D:7)
  A sky beast (D:6)
  An ice beast (D:9)
  2 phantoms
  A hornet zombie (D:8)
  3 centaurs
  3 wolves (D:10)
  14 ogres
  2 big kobolds
  Blork the orc (D:4)
  7 bullfrogs
  A water moccasin skeleton (D:6)
  2 scorpions (D:9)
  3 spriggan skeletons (D:9)
  A troll skeleton (D:9)
  21 killer bees
  5 wights
  3 howler monkeys
  An electric eel (D:10)
  7 crimson imps
  A quasit (D:8)
  A bullfrog zombie (D:10)
  3 jellies
  14 orc priests
  4 bullfrog skeletons
  7 hounds
  2 centaur skeletons (D:9)
  5 iguanas
  Natasha (thrice) (D:2)
  20 orc wizards
  9 worker ants
  Terence (D:2)
  A statue (D:5)
  A killer bee zombie (D:7)
  7 gnolls
  A howler monkey skeleton (D:4)
  11 adders
  6 shadow imps
  2 oozes (D:3)
  2 adder skeletons
  7 worms
  A dart slug (D:2)
  6 leopard geckos
  77 orcs
  5 ball pythons
  6 giant cockroaches
  9 goblins
  7 hobgoblins
  12 jackals
  16 kobolds
  4 quokkas
  7 bats
  5 frilled lizards
  3 leopard gecko skeletons
  A quokka skeleton (D:4)
  A quokka zombie (D:8)
  8 rats
  A spectral orc (D:4)
427 creatures vanquished.

Vanquished Creatures (collateral kills)
  2 killer bees (D:11)
2 creatures vanquished.

Vanquished Creatures (others)
  A killer bee (D:11)
  A hound zombie (D:8)
  2 kobolds (D:8)
4 creatures vanquished.

Grand Total: 433 creatures vanquished

Notes
Turn   | Place    | Note
-------+----------+-------------------------------------------
     0 | D:1      | Amnesiac the Mummy Wanderer began the quest for the Orb.
     0 | D:1      | Amnesiac set off with: a scroll of teleportation {!r}, a +0
                  | robe, a +0 club, a +0 dagger
     0 | D:1      | Reached XP level 1. HP: 13/13 MP: 6/6
   334 | D:1      | Reached XP level 2. HP: 17/19 MP: 8/8
   338 | D:1      | Learned a level 2 spell: Poisonous Vapours
   346 | D:1      | Learned a level 2 spell: Call Imp
   349 | D:1      | Learned a level 2 spell: Blink
   655 | D:3      | Reached XP level 3. HP: 10/24 MP: 1/10
   932 | D:4      | Learned a level 3 spell: Conjure Flame
   936 | D:4      | Learned a level 3 spell: Mephitic Cloud
   939 | D:4      | Learned a level 2 spell: Swiftness
   946 | D:4      | Reached XP level 4. HP: 30/30 MP: 10/13
   952 | D:4      | Noticed Grinder
  1008 | D:4      | Paralysed by Grinder for 2 turns
  1060 | D:4      | Noticed Blork the orc
  1084 | D:4      | Killed Blork the orc
  1274 | D:4      | Reached XP level 5. HP: 34/35 MP: 13/15
  1314 | D:4      | Found a bloodstained altar of Trog.
  1434 | D:4      | Reached skill level 1 in Air Magic
  1464 | D:4      | Noticed an ogre
  1476 | D:4      | Killed an ogre
  1572 | D:4      | Reached XP level 6. HP: 34/41 MP: 14/17
  1661 | D:4      | Learned a level 1 spell: Confusing Touch
  1663 | D:4      | Learned a level 1 spell: Animate Skeleton
  1701 | D:5      | Entered Level 5 of the Dungeon
  1733 | D:4      | Found a basalt altar of Yredelemnul.
  2470 | D:5      | Found a radiant altar of Vehumet.
  2864 | D:5      | Reached skill level 1 in Necromancy
  2864 | D:5      | Reached XP level 7. HP: 43/46 MP: 10/18
  3167 | D:5      | Found a snail-covered altar of Cheibriados.
  3254 | D:5      | Found a deep blue altar of Sif Muna.
  3255 | D:5      | Found a hazy altar of Hepliaklqana.
  3261 | D:5      | Became a worshipper of Sif Muna the Loreminder
  3938 | D:2      | Noticed Natasha
  3942 | D:2      | Killed Natasha
  3956 | D:2      | Noticed Natasha
  3960 | D:2      | Killed Natasha
  4194 | D:2      | Noticed Natasha
  4201 | D:2      | Killed Natasha
  4346 | D:2      | Noticed Terence
  4377 | D:2      | Killed Terence
  4704 | D:3      | Paralysed by Grinder for 5 turns
  4717 | D:3      | Killed Grinder
  4717 | D:3      | Reached skill level 5 in Air Magic
  4717 | D:3      | Reached XP level 8. HP: 49/52 MP: 20/20
  4809 | D:3      | Reached * piety under Sif Muna
  5256 | D:5      | Reached skill level 5 in Necromancy
  5273 | D:5      | Learned a level 3 spell: Vampiric Draining
  5278 | D:5      | Learned a level 4 spell: Animate Dead
  5296 | D:5      | Got a steaming ring mail
  5307 | D:5      | Identified the +5 ring mail "Qatuhag" {*Drain rCorr Str+4}
                  | (You found it on level 5 of the Dungeon)
  5406 | D:6      | Reached skill level 1 in Shields
  5878 | D:6      | Found a staircase to the Ecumenical Temple.
  5884 | Temple   | Entered the Ecumenical Temple
  6007 | D:6      | Found a sacrificial altar of Ru.
  6306 | D:6      | Found a hide-covered altar of Uskayaw.
  6311 | D:6      | Identified a scroll of acquirement {!r}
  6660 | D:7      | Reached XP level 9. HP: 35/57 MP: 21/21
  6791 | D:6      | Reached ** piety under Sif Muna
  7456 | D:7      | Found a white marble altar of Elyvilon.
  7707 | D:7      | Found a stormy altar of Qazlal.
  8291 | D:8      | Reached *** piety under Sif Muna
  8500 | D:8      | Noticed Harold
  9002 | D:8      | Found a blossoming altar of Fedhas.
  9072 | D:8      | Reached XP level 10. HP: 63/63 MP: 19/22
  9258 | D:8      | Reached skill level 1 in Conjurations
  9258 | D:8      | Reached skill level 1 in Charms
  9414 | D:8      | Killed Harold
  9500 | D:9      | Found a burning altar of Makhleb.
  9521 | D:9      | Noticed Erica
  9533 | D:9      | Killed Erica
  9533 | D:9      | Reached **** piety under Sif Muna
  9823 | D:9      | Found a blossoming altar of Fedhas.
 10057 | D:9      | Found Kiarph Cenee's Weapon Shoppe.
 10149 | D:9      | Found an ancient bone altar of Kikubaaqudgha.
 10507 | D:10     | Entered Level 10 of the Dungeon
 10685 | D:10     | Found a staircase to the Orcish Mines.
 10745 | D:10     | Found a staircase to the Lair.
 10770 | D:10     | Reached skill level 5 in Conjurations
 10770 | D:10     | Reached skill level 5 in Charms
 11519 | D:11     | Reached ***** piety under Sif Muna
 11519 | D:11     | Identified Sif Muna's Volume of the Frostbite (Sif Muna
                  | gifted it to you on level 11 of the Dungeon)
 11519 | D:11     | Received a gift from Sif Muna
 11530 | D:11     | Reached XP level 11. HP: 68/68 MP: 21/23
 11600 | D:11     | Reached skill level 1 in Invocations
 12020 | D:11     | Found Merieh's Gadget Shop.
 12022 | D:11     | Got an encrusted scale mail
 12031 | D:11     | Identified the +0 scale mail of Past Mistakes {rC- rN+
                  | MR+++ Regen+} (You found it on level 11 of the Dungeon)
 12397 | Orc:1    | Entered Level 1 of the Orcish Mines
 12453 | Orc:1    | Noticed an orc sorcerer
 12464 | D:10     | Reached skill level 5 in Invocations
 12913 | Orc:1    | Noticed an orc high priest
 12930 | D:10     | Killed an orc sorcerer
 13137 | D:10     | Killed an orc high priest
 13305 | Orc:1    | Noticed an orc knight
 13305 | Orc:1    | Noticed an orc sorcerer
 13305 | Orc:1    | Noticed an ettin
 13336 | Orc:1    | Paralysed by an orc sorcerer for 4 turns
 13362 | D:10     | Killed an orc sorcerer
 13423 | Orc:1    | Noticed an orc sorcerer
 13434 | Orc:1    | Killed an orc sorcerer
 13445 | Orc:1    | Killed an ettin
 13634 | D:10     | Killed an orc knight
 13890 | Orc:2    | Entered Level 2 of the Orcish Mines
 14043 | Orc:1    | Reached XP level 12. HP: 67/74 MP: 11/24
 14840 | Orc:2    | Noticed an orc high priest
 14865 | Orc:2    | Killed an orc high priest
 14865 | Orc:2    | Identified Sif Muna's Handbook of Harmful Flight (Sif Muna
                  | gifted it to you on level 2 of the Orcish Mines)
 14865 | Orc:2    | Received a gift from Sif Muna
 15701 | Orc:2    | Found a staircase to the Elven Halls.
 15913 | Orc:2    | Noticed an orc high priest
 15922 | Orc:2    | Paralysed by an orc sorcerer for 4 turns
 16077 | Orc:2    | Killed an orc high priest
 16227 | Orc:2    | Noticed an orc high priest
 16234 | Orc:2    | Killed an orc high priest
 16298 | Orc:2    | Noticed an orc high priest
 16357 | Orc:2    | Slain by a hellwing

Vault maps used:
D:1:      saegor_arrival_miasma
D:2:      uniq_natasha, uniq_terence
D:4:      yredelemnul_forgotten_temple_becter, bloody_trog, first_ration,
          minmay_fountain_box, uniq_grinder, uniq_blork_the_orc
D:5:      kennysheep_mini, vehumet_statue, gammafunk_temple_overflow_statue
D:6:      lemuel_coloured_pillars_altar, minmay_temple_entry_enclosed_plants,
          nicolae_ru_sacrificial_ziggurat
D:7:      old_standard_altar, elyvilon_altar_3, the_bakery
D:8:      basic_altar, lemuel_flamethrower_2, uniq_harold
D:9:      bloody_makhleb, old_standard_altar, kennysheep_little_box,
          serial_shops, nicolae_shop_trees, hangedman_tell_no_tales, uniq_erica
D:10:     erik_lair_island, hiddenorc1_lemuel
D:11:     serial_shops, shop_fountains, special_room
Temple:   jpeg_temple_alley_garden
Orc:2:    grunt_orc_tribal_feast

Skill      XL: |  1  2  3  4  5  6  7  8  9 10 11 12 |
---------------+-------------------------------------+-----
Spellcasting   | 6 7 8 |  8.0
Air Magic      | 2 4 5 8 |  8.0
Necromancy     | 1 4 7 8 |  8.0
Shields        | 3 4 |  4.2
Conjurations   | 5 7 |  7.8
Charms         | 5 7 |  7.9
Invocations    | 8 |  8.0
Stealth        | |  1.5
Summonings     | |  1.5
Ice Magic      | |  1.0
Poison Magic   | |  1.0

Action                   |  1- 3 |  4- 6 |  7- 9 | 10-12 || total
-------------------------+-------+-------+-------+-------++-------
Melee: Rapier            |    52 |    14 |       |       ||    66
       Scimitar          |       |    45 |   312 |   311 ||   668
       Unarmed           |       |       |     2 |       ||     2
 Fire: Hunting sling     |       |       |     9 |       ||     9
 Cast: Poisonous Vapours |     6 |    53 |   180 |   310 ||   549
       Call Imp          |     1 |       |       |       ||     1
       Conjure Flame     |       |     6 |    15 |    16 ||    37
       Mephitic Cloud    |       |     5 |     5 |    64 ||    74
       Blink             |       |     1 |     3 |     8 ||    12
       Swiftness         |       |       |     1 |       ||     1
       Confusing Touch   |       |       |     1 |       ||     1
       Vampiric Draining |       |       |     6 |   104 ||   110
Invok: Divine Energy     |       |       |     1 |       ||     1
  Use: Scroll            |       |       |    10 |     6 ||    16
 Stab: Sleeping          |     4 |       |       |       ||     4
       Confused          |       |     3 |     4 |    11 ||    18
Armor: Robe              |     6 |    19 |       |       ||    25
       Leather armour    |       |     2 |    42 |    45 ||    89
       Ring mail         |       |       |   168 |   161 ||   329
Dodge: Dodged            |    34 |    86 |   403 |   338 ||   861
Block: Large shield      |    15 |       |       |       ||    15
       Buckler           |       |       |    77 |    85 ||   162
       Rpst.: Scimitar   |       |    24 |   105 |    96 ||   225

Table legend:
 A = Non-vault XP
 B = Vault XP
 C = Vault XP percentage of total XP
 D = Non-vault monster count
 E = Vault monster count
 F = Vault count percentage of total count
                 A         B        C        D         E       F
            +---------+---------+-------+---------+---------+-------
      Total |   20985 |   10726 |  33.8 |     344 |      86 |  20.0
            +---------+---------+-------+---------+---------+-------
        D:1 |      42 |       0 |   0.0 |      25 |       0 |   0.0
        D:2 |     153 |      67 |  30.5 |      32 |       2 |   5.9
        D:3 |     149 |     262 |  63.7 |      25 |       1 |   3.8
        D:4 |     411 |      92 |  18.3 |      15 |       2 |  11.8
        D:5 |     542 |      32 |   5.6 |      25 |       1 |   3.8
        D:6 |     942 |       0 |   0.0 |      18 |       0 |   0.0
        D:7 |    1776 |     205 |  10.3 |      26 |       1 |   3.7
        D:8 |    1283 |     997 |  43.7 |      27 |       1 |   3.6
        D:9 |    1400 |    1260 |  47.4 |      33 |       7 |  17.5
       D:10 |    5038 |    1003 |  16.6 |      27 |      24 |  47.1
       D:11 |    1882 |    1273 |  40.3 |      27 |      20 |  42.6
      Orc:1 |    5203 |       0 |   0.0 |      34 |       0 |   0.0
      Orc:2 |    2164 |    5535 |  71.9 |      30 |      27 |  47.4
            +---------+---------+-------+---------+---------+-------
